 Dungeon Crawl Stone Soup version 0.31-a0-174-g85c54bcb58 (webtiles) character file.

Game seed: 16862010443078622532

72 qw the Shooter (level 4, 0/28 HPs)
             Began as a Gargoyle Hunter on June 15, 2023.
             Killed from afar by a steam dragon (12 damage)
             ... with a ball of steam
             ... on level 4 of the Dungeon.
             The game lasted 00:00:43 (2024 turns).

qw the Shooter (Gargoyle Hunter)                    Turns: 2024, Time: 00:00:44

Health: 0/28       AC: 12    Str: 13    XL:     4   Next: 26%
Magic:  4/4        EV: 11    Int:  7    God:
Gold:   33         SH:  0    Dex: 20    Spells: 3/3 levels left

rFire   . . .        Y - +0 shortbow
rCold   . . .        (shield currently unavailable)
rNeg    + + .        h - +0 ring mail
rPois   inf          (no helmet)
rElec   +            j - +2 ratskin cloak {*Rats rPois rN+ Str-1 Int-1 Dex+1}
rCorr   .            c - +0 pair of gloves
SInv    .            (no boots)
Will    .....        (no amulet)
Stlth   +            (no ring)
HPRegen 0.24/turn    (no ring)
MPRegen 0.09/turn

%: no passive effects
@: no status effects
A: sickness immunity, AC +3, negative energy resistance 1, electricity
resistance, torment resistance 1, petrification resistance, talons 1, agile 1
a: no special abilities


You were on level 4 of the Dungeon.
You visited 1 branch of the dungeon, and saw 4 of its levels.

You collected 93 gold pieces.
You spent 60 gold pieces at shops.


Innate Abilities, Weirdness & Mutations

You are immune to sickness and miasma.
Your stone body is resilient. (AC +3)
You are immune to poison.
You resist negative energy. (rN+)
You are resistant to electric shocks. (rElec)
You are resistant to unholy torment.
You are immune to petrification.
You have sharp toenails.
You are agile. (Dex +4, Str/Int -1)


   Skills:
 - Level 3.0 Fighting
 + Level 5.1 Ranged Weapons
 - Level 1.0 Armour
 - Level 1.5 Dodging
 - Level 1.1 Stealth


You had 3 spell levels left.
You didn't know any spells.
Your spell library was empty.

Inventory:

Hand Weapons
 Y - a +0 shortbow (weapon)
Armour
 c - a +0 pair of gloves (worn)
 h - a +0 ring mail (worn)
 j - the +2 ratskin cloak (worn) {*Rats rPois rN+ Str-1 Int-1 Dex+1}
   (You found it on level 3 of the Dungeon)

   *Rats:     When the wearer is hurt, rats may emerge from it to assist them.
   Str:       It affects your strength (-1).
   Int:       It affects your intelligence (-1).
   Dex:       It affects your dexterity (+1).
   rPois:     It protects you from poison.
   rN:        It protects you from negative energy.
Scrolls
 a - a scroll of identify
Potions
 b - a potion of haste {unknown}
 d - a potion of curing {unknown}
 e - a potion of brilliance {unknown}
 g - a potion of heal wounds {unknown}
 i - a potion of enlightenment {unknown}
 k - a potion of mutation
 l - a potion of might {unknown}

Dungeon Overview and Level Annotations

Branches:
Dungeon (4/15)
 Temple: D:4-7

Altars:

Shops:
D:3 *


Message History

a - a scroll of identify You flicker back into view.
There is a stone staircase leading up here.
A goblin comes into view. It is wielding a +0 dagger.
You shoot an arrow. The arrow hits the goblin!
You kill the goblin!
You now have 33 gold pieces (gained 3).
Found a stone staircase leading up.
A steam dragon comes into view.
Found 13 gold pieces.
The steam dragon hisses angrily.
You shoot an arrow.
The arrow hits the steam dragon but does no damage.
You shoot an arrow.
The arrow barely misses the steam dragon.
The steam dragon breathes steam at you. The ball of steam hits you!
A hell rat scurries out from under your cloak.
You're standing in a cloud of steam!
You are engulfed in a cloud of scalding steam.
Your hell rat is engulfed in a cloud of scalding steam.
You start resting.
Your hell rat is engulfed in a cloud of scalding steam.
A steam dragon is nearby!
Your hell rat bites the steam dragon!
The steam dragon bites your hell rat.
The steam dragon closely misses your hell rat.
Your hell rat closely misses the steam dragon.
The steam dragon bites your hell rat but does no damage.
The steam dragon claws your hell rat but does no damage.
Your hell rat barely misses the steam dragon.
The steam dragon bites your hell rat.
The steam dragon closely misses your hell rat.
Your hell rat barely misses the steam dragon.
The steam dragon bites your hell rat!
Your hell rat dies!
You shoot an arrow.
The arrow closely misses the steam dragon.
The steam dragon breathes steam at you. The ball of steam hits you!
You die...

#.$ ..# #.# #.# #.# #.#
#.###### ##### #@....)#
..... .....D¤#####.##
#)#.# .....¤¤ ##...##
#.#.#
.......###.....#####.#.#
.....................#.#
...<...###....<####..#.#
....... ##......<.....#
....... ##.######..###
#.# #..#


You could see a steam dragon (catching breath).

Vanquished Creatures
  An adder (D:2)
  A worm (D:2)
  4 orcs (D:3)
  3 endoplasms
  9 goblins
  3 hobgoblins
  5 jackals
  5 kobolds
  3 quokkas
  7 ball pythons
  5 bats
  2 frilled lizards
  A rat (D:3)
49 creatures vanquished.

Notes
Turn   | Place    | Note
-------+----------+-------------------------------------------
     0 | D:1      | qw the Gargoyle Hunter began the quest for the Orb.
     0 | D:1      | Reached XP level 1. HP: 12/12 MP: 1/1
     0 | D:1      | 0 ||| qw: Version: 0.2-a-29-g511e9b1
     0 | D:1      | 0 ||| qw: Game counter: 5526
     0 | D:1      | 0 ||| qw: Always use a shield: true
     0 | D:1      | 0 ||| qw: God list: Okawaru
     0 | D:1      | 0 ||| qw: Allow faded altars: false
     0 | D:1      | 0 ||| qw: Do Orc after D:15 true
     0 | D:1      | 0 ||| qw: Do second Lair branch before Depths: true
     0 | D:1      | 0 ||| qw: Lair rune preference: random
     0 | D:1      | 0 ||| qw: Plans: Normal, Zot:1-4, Slime:5, God:TSO, Crypt,
                  | Tomb, Abyss, Pan, Hells, Win
     0 | D:1      | 0 ||| PLANNING D:1-11
   205 | D:1      | Reached XP level 2. HP: 17/17 MP: 2/2
   663 | D:1      | 663 ||| UPGRADING to +0 cloak.
   668 | D:1      | 668 ||| UPGRADING to +0 ring mail.
   678 | D:1      | 678 ||| DROPPING +0 leather armour.
   679 | D:1      | 679 ||| READING 2 scrolls labelled GYEP GIZOI.
   680 | D:1      | 680 ||| READING scroll labelled NOMOWN KOIWIU.
   681 | D:1      | 681 ||| READING scroll labelled VUNIRA ZEWKI.
   682 | D:1      | 682 ||| DROPPING scroll of fear.
   683 | D:1      | 683 ||| DROPPING scroll of butterflies.
   749 | D:2      | Reached skill level 1 in Armour
   752 | D:2      | Reached XP level 3. HP: 21/21 MP: 3/3
   823 | D:2      | Reached skill level 5 in Ranged Weapons
  1242 | D:2      | 1242 ||| UPGRADING to +0 pair of gloves.
  1247 | D:2      | 1247 ||| READING scroll labelled YRUIZI JUBAST.
  1348 | D:2      | 1348 ||| READING scroll labelled MOTEYSAIRO.
  1421 | D:3      | Found Erenust's Assorted Antiques.
  1426 | D:3      | 1426 ||| BUYING orange potion (20 gold).
  1426 | D:3      | Bought an orange potion for 20 gold pieces
  1426 | D:3      | 1426 ||| BUYING red potion (20 gold).
  1426 | D:3      | Bought a red potion for 20 gold pieces
  1426 | D:3      | 1426 ||| BUYING ruby potion (20 gold).
  1426 | D:3      | Bought a ruby potion for 20 gold pieces
  1426 | D:3      | 1426 ||| SHOPLISTING scroll labelled GAAZAONECE (23 gold,
                  | have 5).
  1432 | D:3      | Found the +2 ratskin cloak {*Rats rPois rN+ Str-1 Int-1
                  | Dex+1}
  1529 | D:3      | Reached XP level 4. HP: 27/27 MP: 4/4
  1651 | D:3      | Reached skill level 3 in Fighting
  1938 | D:3      | 1938 ||| UPGRADING to +2 ratskin cloak {*Rats rPois rN+
                  | Str-1 Int-1 Dex+1}.
  1948 | D:3      | 1948 ||| DROPPING +0 cloak.
  1949 | D:3      | 1949 ||| READING scroll labelled GAAZAONECE.
  1953 | D:3      | 1953 ||| READING scroll labelled WANWUY VIHOSE.
  1954 | D:3      | 1954 ||| DRINKING 2 red potions.
  1955 | D:3      | 1955 ||| DRINKING 2 pink potions.
  1955 | D:3      | Gained mutation: You have sharp toenails. [potion of
                  | mutation]
  1955 | D:3      | Gained mutation: You are agile. (Dex +4, Str/Int -1)
                  | [potion of mutation]
  1956 | D:3      | 1956 ||| DROPPING potion of invisibility.
  2015 | D:4      | Noticed a steam dragon
  2024 | D:4      | Killed from afar by a steam dragon

Levels and vault maps discovered:
D:1:      minmay_arrival_radiant_lines, layout_loops_ring
D:2:      layout_basic
D:3:      layout_basic, serial_shops, nicolae_shop_just_a_little_nook
D:4:      layout_loops_ring, temple_green

Skill      XL: |  1  2  3  4 |
---------------+-------------+-----
Armour         | 1 |  1.0
Ranged Weapons | 5 |  5.1
Fighting       | 3 |  3.0
Dodging        | |  1.5
Stealth        | |  1.1

Action                     |  1- 3 |  4- 6 || total
---------------------------+-------+-------++-------
   Fire: Shortbow          |   116 |    38 ||   154
    Use: Scroll            |     5 |     2 ||     7
         Potion            |       |     2 ||     2
 Armour: Leather armour    |     9 |       ||     9
         Ring mail         |    15 |    11 ||    26
  Dodge: Dodged            |    27 |    16 ||    43

Table legend:
 A = Non-vault XP
 B = Vault XP
 C = Vault XP percentage of total XP
 D = Non-vault monster count
 E = Vault monster count
 F = Vault count percentage of total count
                 A         B        C        D         E       F
            +---------+---------+-------+---------+---------+-------
      Total |     104 |       0 |   0.0 |      49 |       0 |   0.0
            +---------+---------+-------+---------+---------+-------
        D:1 |      23 |       0 |   0.0 |      13 |       0 |   0.0
        D:2 |      40 |       0 |   0.0 |      15 |       0 |   0.0
        D:3 |      37 |       0 |   0.0 |      19 |       0 |   0.0
        D:4 |       4 |       0 |   0.0 |       2 |       0 |   0.0
            +---------+---------+-------+---------+---------+-------
